 Dungeon Crawl Stone Soup version 0.31-a0-1576-ga3383bade6 (webtiles) character file.

Game seed: 3198095428340773750

199 lunkers the Cutter (level 5, -3/27 HPs)
             Began as a Vine Stalker Fighter on Jan 4, 2024.
             Slain by a gnoll
             ... wielding a +0 halberd
              (11 damage)
             ... on level 4 of the Dungeon.
             The game lasted 00:02:43 (2453 turns).

lunkers the Cutter (Vine Stalker Fighter)           Turns: 2453, Time: 00:02:43

Health: -3/27      AC:  6    Str: 19    XL:     5   Next: 77%
Magic:  0/6        EV:  9    Int:  8    God:
Gold:   241        SH:  5    Dex: 15    Spells: 4/4 levels left

rFire   . . .        b - +2 dagger (drain)
rCold   . . .        c - +0 buckler
rNeg    . . .        f - +0 scale mail
rPois   .            (no helmet)
rElec   .            (no cloak)
rCorr   .            (no gloves)
SInv    .            (no boots)
Will    .....        (no amulet) Stlth
                     (no ring)
HPRegen 1.04/turn    (no ring)
MPRegen 0.10/turn

%: guardian spirit
@: no status effects
A: fangs 2, regeneration 1, magic shield, antimagic bite, no potion heal 2
a: no special abilities


You were on level 4 of the Dungeon.
You visited 1 branch of the dungeon, and saw 4 of its levels.

You collected 241 gold pieces.

Inventory:

Hand Weapons
 a - a +1 rapier of freezing
 b - a +2 dagger of draining (weapon)
Armour
 c - a +0 buckler (worn)
 f - a +0 scale mail (worn)
Wands
 h - a wand of digging (8)
Scrolls
 g - a scroll of amnesia
 p - 2 scrolls of fear
Potions
 d - a potion of might
 e - a potion of curing
 i - a potion of magic
 m - a potion of enlightenment {unknown}
 n - a potion of haste {unknown}
 o - a potion of mutation {unknown}
 q - a potion of lignification {unknown}


   Skills:
 - Level 2.6 Fighting
 + Level 5.3 Short Blades
 - Level 2.4 Armour
 - Level 2.6 Shields


You had 4 spell levels left.
You didn't know any spells.
Your spell library contained the following spells:

 Spells                   Type           Power      Damage    Failure   Level
 Slow                     Hex            0%         N/A       86%         1
 Confusing Touch          Hex            0%         N/A       99%         3
 Sigil of Binding         Hex            0%         N/A       99%         3
 Vampiric Draining        Necr           0%         2d6       99%         3


Dungeon Overview and Level Annotations

Branches:
Dungeon (4/15)
 Temple: D:4-7

Altars:

Shops:
D:1 (?!?   D:3 =


Innate Abilities, Weirdness & Mutations

You have extremely sharp teeth.
Your natural rate of healing is unusually fast.
When hurt, damage is shared between your health and your magic reserves.
Your bite disrupts and absorbs the magic of your enemies.
Potions cannot restore your health.


Message History

The gnoll barely misses you. The gnoll hits you with a +0 club!
Things that are here:
a +0 flail; a gnoll corpse You hit the gnoll but do no damage.
Your bite misses the gnoll. You block the gnoll's attack.
The gnoll hits you with a +0 club.
You hit the gnoll. Your bite misses the gnoll.
The gnoll is lightly wounded.
The gnoll hits you with a +0 club.
* * * LOW HITPOINT WARNING * * *
The gnoll hits you from afar with a +0 spear.
* * * LOW HITPOINT WARNING * * *
You hit the gnoll but do no damage. You drain the gnoll. You bite the gnoll.
You drain its power.
You feel invigorated.
The gnoll is heavily wounded.
The gnoll hits you with a +0 club. The gnoll closely misses you.
Unknown command.
You closely miss the gnoll.
The gnoll is heavily wounded.
Unknown command.
You hit the gnoll.
The gnoll is severely wounded.
The gnoll hits you from afar with a +0 spear.
* * * LOW HITPOINT WARNING * * *
The gnoll barely misses you.
You hit the gnoll. You drain the gnoll.
You kill the gnoll!
You block the gnoll's attack.
Unknown command.
The gnoll hits you with a +0 spear.
* * * LOW HITPOINT WARNING * * *
The gnoll hits you from afar with a +0 halberd.
* * * LOW HITPOINT WARNING * * *
Things that are here:
a +0 club; a gnoll corpse You hit the gnoll.
The gnoll is moderately wounded.
You block the gnoll's attack.
The gnoll hits you from afar with a +0 halberd!
* * * LOW MAGIC WARNING * * *
You die...

..# # ########.#
..#......#.#
.........#.#
#.#......#.#
.........#.########
#................<#
##########.########
.....gg@)..#
############


You could see 2 gnolls.

Vanquished Creatures
  A bombardier beetle (D:3)
  A hound (D:3)
  An iguana (D:3)
  2 gnolls (D:4)
  2 adders (D:2)
  4 dart slugs
  A ribbon worm (D:3)
  3 orcs (D:3)
  5 ball pythons (D:1)
  3 bats
  3 endoplasms
  A giant cockroach (D:1)
  8 goblins
  5 hobgoblins
  2 jackals (D:1)
  8 kobolds
  A quokka (D:3)
  4 frilled lizards
  5 rats
60 creatures vanquished.

Notes
Turn   | Place    | Note
-------+----------+-------------------------------------------
     0 | D:1      | lunkers the Vine Stalker Fighter began the quest for the
                  | Orb.
     0 | D:1      | Reached XP level 1. HP: 11/11 MP: 2/2
    47 | D:1      | Found Oblenext's Magic Scroll Boutique.
   145 | D:1      | Reached skill level 2 in Short Blades
   216 | D:1      | Reached XP level 2. HP: 16/16 MP: 3/3
   252 | D:1      | Found Xoem's Distillery.
   263 | D:1      | Found Femud's Magic Scroll Shop.
   371 | D:1      | Found Rumil's Antique Weapon Shop.
   562 | D:1      | Reached skill level 3 in Short Blades
   582 | D:1      | Reached XP level 3. HP: 19/19 MP: 4/4
  1313 | D:2      | Reached XP level 4. HP: 23/23 MP: 5/5
  1545 | D:3      | Found Ugheuph's Jewellery Shoppe.
  1669 | D:3      | Reached skill level 4 in Short Blades
  1849 | D:3      | Found a faded altar of an unknown god.
  1966 | D:3      | Reached XP level 5. HP: 27/27 MP: 6/6
  2062 | D:3      | Reached skill level 5 in Short Blades
  2453 | D:4      | Slain by a gnoll

Illustrated notes

Levels and vault maps discovered:
D:1:      dpeg_arrival_pits, layout_basic, serial_shops, shop, shop,
          nicolae_shop_hallway_plus, nicolae_shop_gibbet_a_chance,
          kennysheep_pointless_box, minmay_three_crescents
D:2:      layout_loops_cross, grunt_decor_cap
D:3:      layout_loops_corners, hellmonk_ecumenical_altar_inner_sanctum,
          serial_shops, shop
D:4:      layout_basic, uniq_eustachio, uniq_natasha, uniq_robin

Skill      XL: |  1  2  3  4  5 |
---------------+----------------+-----
Short Blades   | 2 3 4 5 |  5.3
Fighting       | |  2.6
Armour         | |  2.4
Shields        | |  2.6

Action                     |  1- 3 |  4- 6 || total
---------------------------+-------+-------++-------
  Melee: Rapier            |   114 |    32 ||   146
         Bite              |    24 |    18 ||    42
         Dagger            |       |    31 ||    31
    Use: Scroll            |       |    10 ||    10
 Armour: Scale mail        |    60 |    30 ||    90
  Dodge: Dodged            |    43 |    18 ||    61
  Block: Buckler           |    25 |    16 ||    41

Table legend: (Time is in decaauts)
 A = Elapsed time spent in this place.
 B = Non-inter-level travel time spent in this place.
 C = Inter-level travel time spent in this place.
 D = Time resting spent in this place.
 E = Time spent auto-exploring this place.
 F = Levels seen in this place.
 G = Mean time per level.
                   A        B        C        D        E       F      G
               +--------+--------+--------+--------+--------+-----+--------+
         Total |   2455 |   2372 |     83 |      0 |   1967 |   4 |  613.8 |
       Dungeon |   2455 |   2372 |     83 |      0 |   1967 |   4 |  613.8 |
               +--------+--------+--------+--------+--------+-----+--------+

Top non-repeatable levels by time:
     D:3: 876 daAuts
     D:1: 873 daAuts
     D:2: 680 daAuts
     D:4: 25 daAuts
